 Dungeon Crawl Stone Soup version 0.31.0-32-g396128a36d (webtiles) character file.

Game seed: 1689541632706222913

90 0gre the Chiller (level 4, -1/32 HPs)
             Began as a Gnoll Ice Elementalist on Apr 11, 2024.
             Slain by Grinder (3 damage)
             ... on level 3 of the Dungeon.
             The game lasted 00:08:43 (1919 turns).

0gre the Chiller (Gnoll Ice Elementalist)           Turns: 1919, Time: 00:08:44

Health: -1/32      AC:  4    Str:  7    XL:     4   Next: 56%
Magic:  4/11       EV: 14    Int: 15    God:
Gold:   112        SH:  5    Dex: 14    Spells: 6/13 levels left

rFire   . . .        a - +0 quarterstaff
rCold   . . .        (shield currently unavailable)
rNeg    + . .        e - +0 robe
rPois   .            r - +1 helmet
rElec   .            (no cloak)
rCorr   .            (no gloves)
SInv    .            (no boots)
Will    .....        j - amulet of reflection
Stlth   +++          s - ring of positive energy
HPRegen 0.25/turn    (no ring)
MPRegen 0.12/turn

%: reflection
@: freezing walls
A: fangs 1, strong nose, distributed training
a: no special abilities


You were on level 3 of the Dungeon.
You visited 1 branch of the dungeon, and saw 3 of its levels.

You collected 112 gold pieces.

Inventory:

Hand Weapons
 a - a +0 quarterstaff (weapon)
 b - a +0 sling
 c - a +0 trident
Missiles
 m - a boomerang (quivered)
 o - 3 poisoned darts
 p - a throwing net
Armour
 e - a +0 robe (worn)
 r - a +1 helmet (worn)
Jewellery
 j - an amulet of reflection (around neck)
 s - a ring of positive energy (left hand)
Scrolls
 d - 2 scrolls of teleportation {unknown}
 g - a scroll of identify {unknown}
 h - a scroll of immolation {unknown}
 i - a scroll of fear {unknown}
 l - a scroll of enchant weapon {unknown}
Potions
 f - a potion of brilliance {unknown}
 k - 2 potions of cancellation {unknown}
 n - a potion of degeneration {unknown}
 q - a potion of curing {unknown}
 t - a potion of berserk rage {unknown}
 u - a potion of magic
 v - a potion of enlightenment {unknown}
 w - a potion of invisibility {unknown}


   Skills:
 + Level 1.2 Fighting
 + Level 1.2 Short Blades
 + Level 1.2 Long Blades
 + Level 1.2 Axes
 + Level 1.2 Maces & Flails
 + Level 1.2 Polearms
 + Level 1.2 Staves
 + Level 1.2 Ranged Weapons
 + Level 1.2 Throwing
 + Level 1.2 Armour
 + Level 4.7 Dodging
 + Level 4.3 Stealth
 + Level 1.2 Shields
 + Level 1.2 Unarmed Combat
 + Level 5.1 Spellcasting
 + Level 1.0 Conjurations
 + Level 1.0 Hexes
 + Level 1.0 Summonings
 + Level 1.0 Necromancy
 + Level 1.0 Translocations
 + Level 1.0 Fire Magic
 + Level 7.1 Ice Magic
 + Level 1.0 Air Magic
 + Level 1.0 Earth Magic
 + Level 1.0 Alchemy
 + Level 1.3 Invocations
 + Level 1.2 Evocations
 + Level 1.1 Shapeshifting


You had 6 spell levels left.
You knew the following spells:

 Your Spells              Type           Power      Damage    Failure   Level
a - Freeze                Ice            100%       1d10      1%          1
b - Frozen Ramparts       Ice            50%        1d8       2%          3
c - Summon Ice Beast      Ice/Summ       16%        N/A       9%          3

Your spell library contained the following spells:

 Spells                   Type           Power      Damage    Failure   Level
 Ozocubu's Armour         Ice            25%        N/A       2%          3
 Call Imp                 Summ           12%        N/A       16%         2
 Sublimation of Blood     Necr           6%         N/A       16%         2
 Summon Hydra             Summ           3%         N/A       100%        7


Dungeon Overview and Level Annotations

Branches:
Dungeon (3/15)

Altars:

Shops:
D:2 [

Annotations:
D:3 Grinder


Innate Abilities, Weirdness & Mutations

You have very sharp teeth.
Your uncanny sense of smell can sniff out nearby items.
Your experience applies equally to all skills.


Message History

A chill wind blows around you.
Grinder resists.
The wall freezes Grinder.
Grinder grins, showing sharp teeth.
a - a +0 quarterstaff (weapon)
Grinder completely resists.
The wall freezes Grinder but does no damage.
Grinder hits you!
You writhe in agony.
You completely miss Grinder.
Grinder is lightly wounded.
Grinder resists.
The wall freezes Grinder.
Grinder misses you.
You hit Grinder but do no damage.
Grinder is lightly wounded.
Your ice beast barely misses Grinder.
Grinder resists.
The wall freezes Grinder.
Grinder gestures at you. You resist with significant effort.
You barely miss Grinder.
Grinder is lightly wounded.
Your ice beast hits Grinder.
Your ice beast freezes Grinder.
Grinder resists.
Grinder completely resists.
The wall freezes Grinder but does no damage.
Grinder hits you.
You writhe in agony.
Your ice beast hits Grinder but does no damage.
You sock Grinder!
Grinder is moderately wounded.
Grinder completely resists.
The wall freezes Grinder but does no damage.
Grinder hits you.
You writhe in agony.
Your ice beast hits Grinder.
Your ice beast freezes Grinder.
Grinder completely resists. x2
The wall freezes Grinder but does no damage.
Grinder gestures at your ice beast.
Your ice beast suddenly stops moving!
You barely miss Grinder.
Grinder is moderately wounded.
Grinder completely resists.
The wall freezes Grinder but does no damage.
Grinder hits you!
* * * LOW HITPOINT WARNING * * *
You writhe in agony.
You die...
Grinder says, "Now the real fun starts!"

...##.## #.#
>......# #.#
...#...# #.#
...#...# #.#
.(.#...#
#.#########
...#...#
#.....†...#
...#...#
#.#####...#
##########.#
#...#
#.......#
#@Y.#
#######.#
#5≈.# #.#
#.≈.# #.#
#.≈.# #.#
#...# ...
#...# ...
..≈.. ###
#.≈.##


You could see Grinder (ally target) and a friendly ice beast (summoned,
paralysed).

Vanquished Creatures
  Robin (D:3)
  2 dart slugs
  A ribbon worm (D:2)
  4 orcs (D:2)
  3 bats
  4 endoplasms
  2 giant cockroaches (D:1)
  11 goblins
  10 hobgoblins
  7 jackals
  3 quokkas
  6 ball pythons
  2 frilled lizards
  2 kobolds (D:1)
  A rat (D:1)
59 creatures vanquished.

Notes
Turn   | Place    | Note
-------+----------+-------------------------------------------
     0 | D:1      | 0gre the Gnoll Ice Elementalist began the quest for the
                  | Orb.
     0 | D:1      | Reached XP level 1. HP: 13/13 MP: 6/6
   219 | D:1      | Reached XP level 2. HP: 19/19 MP: 7/7
   710 | D:1      | Reached skill level 5 in Spellcasting
   710 | D:1      | Reached XP level 3. HP: 11/25 MP: 7/9
   716 | D:1      | Learned a level 3 spell: Frozen Ramparts
  1024 | D:2      | Found a faded altar of an unknown god.
  1025 | D:2      | Noticed a shining eye
  1028 | D:2      | Noticed a golden eye
  1028 | D:2      | Noticed a great orb of eyes
  1028 | D:2      | Noticed an eye of devastation
  1036 | D:2      | Reached skill level 1 in Invocations
  1105 | D:2      | Found Tearuadgh's Antique Armour Shoppe.
  1498 | D:2      | Reached skill level 1 in Fighting
  1498 | D:2      | Reached skill level 1 in Short Blades
  1498 | D:2      | Reached skill level 1 in Long Blades
  1498 | D:2      | Reached skill level 1 in Axes
  1498 | D:2      | Reached skill level 1 in Maces & Flails
  1498 | D:2      | Reached skill level 1 in Polearms
  1498 | D:2      | Reached skill level 1 in Staves
  1498 | D:2      | Reached skill level 1 in Ranged Weapons
  1498 | D:2      | Reached skill level 1 in Throwing
  1498 | D:2      | Reached skill level 1 in Armour
  1498 | D:2      | Reached skill level 1 in Shields
  1498 | D:2      | Reached skill level 1 in Unarmed Combat
  1498 | D:2      | Reached skill level 1 in Evocations
  1677 | D:3      | Noticed Robin
  1686 | D:3      | Reached skill level 1 in Shapeshifting
  1686 | D:3      | Reached XP level 4. HP: 28/32 MP: 7/11
  1693 | D:3      | Killed Robin
  1694 | D:3      | Reached skill level 1 in Conjurations
  1694 | D:3      | Reached skill level 1 in Hexes
  1694 | D:3      | Reached skill level 1 in Summonings
  1694 | D:3      | Reached skill level 1 in Necromancy
  1694 | D:3      | Reached skill level 1 in Translocations
  1694 | D:3      | Reached skill level 1 in Fire Magic
  1694 | D:3      | Reached skill level 1 in Air Magic
  1694 | D:3      | Reached skill level 1 in Earth Magic
  1694 | D:3      | Reached skill level 1 in Alchemy
  1874 | D:3      | Noticed Grinder
  1883 | D:3      | Learned a level 3 spell: Summon Ice Beast
  1895 | D:3      | Paralysed by Grinder for 4 turns
  1919 | D:3      | Slain by Grinder

Illustrated notes

Levels and vault maps discovered:
D:1:      ldierk_walled_garden_2, layout_basic
D:2:      layout_rooms, serial_shops, nicolae_shop_pleasant_corner_grove,
          hellmonk_ecumenical_altar_watching_god, kennysheep_pointless_box,
          grunt_ministairs_11, minmay_pentomino_s2
D:3:      layout_basic, nicolae_uskayaw_en_pointe,
          mainiacjoe_overflow_boulevard, uniq_robin, uniq_grinder,
          uniq_crazy_yiuf_cottage

Skill      XL: |  1  2  3  4 |
---------------+-------------+-----
Spellcasting   | 5 |  5.1
Invocations    | 1 |  1.3
Fighting       | 1 |  1.2
Short Blades   | 1 |  1.2
Long Blades    | 1 |  1.2
Axes           | 1 |  1.2
Maces & Flails | 1 |  1.2
Polearms       | 1 |  1.2
Staves         | 1 |  1.2
Ranged Weapons | 1 |  1.2
Throwing       | 1 |  1.2
Armour         | 1 |  1.2
Shields        | 1 |  1.2
Unarmed Combat | 1 |  1.2
Evocations     | 1 |  1.2
Shapeshifting  | 1 |  1.1
Conjurations   | 1 |  1.0
Hexes          | 1 |  1.0
Summonings     | 1 |  1.0
Necromancy     | 1 |  1.0
Translocations | 1 |  1.0
Fire Magic     | 1 |  1.0
Air Magic      | 1 |  1.0
Earth Magic    | 1 |  1.0
Alchemy        | 1 |  1.0
Dodging        | |  4.7
Stealth        | |  4.3
Ice Magic      | |  7.1

Action                     |  1- 3 |  4- 6 || total
---------------------------+-------+-------++-------
  Melee: Dagger            |     2 |       ||     2
         Mace              |    57 |       ||    57
         Bite              |     4 |     1 ||     5
         Punch             |     1 |       ||     1
         Quarterstaff      |    19 |    18 ||    37
   Fire: Sling             |       |    12 ||    12
  Throw: Boomerang         |     3 |     3 ||     6
   Cast: Freeze            |    13 |       ||    13
         Frozen Ramparts   |     4 |     2 ||     6
         Summon Ice Beast  |       |     2 ||     2
   Stab: Sleeping          |     7 |       ||     7
 Armour: Robe              |    49 |    11 ||    60
  Dodge: Dodged            |    54 |     7 ||    61
  Block: Other             |       |     1 ||     1
